 Dungeon Crawl Stone Soup version 0.25.1-2-g60ff931df9 (webtiles) character file.

Game seed: 10664359292614084382

2671 hawla the Cleaver (level 9, -1/79 HPs)
             Began as a Hill Orc Monk on Sept 28, 2020.
             Was a Priest of Beogh.
             Slain by an orange demon (10 damage)
             ... summoned by an orc high priest
             ... in a bailey.
             The game lasted 00:16:31 (6407 turns).

hawla the Cleaver (Hill Orc Monk)                   Turns: 6407, Time: 00:16:31

Health: -1/79      AC: 12    Str: 15    XL:     9   Next: 63%
Magic:  11/11      EV:  6    Int: 10    God:    Beogh [***...]
Gold:   411        SH:  0    Dex: 15    Spells: 8/8 levels left

rFire    . . .     SeeInvis .   J - +2 war axe (flame)
rCold    . . .     Gourm    .   (no shield)
rNeg     . . .     Faith    .   E - +0 plate armour (curse)
rPois    .         Spirit   .   (no helmet)
rElec    .         Reflect  .   (no cloak)
rCorr    .         Harm     .   (no gloves)
MR       .....     Rnd*Tele +   (no boots)
Stlth    ..........             s - amulet of magic regeneration
HPRegen  0.23/turn              q - ring of teleportation (curse)
MPRegen  0.37/turn              (no ring)

@: hasted, very quick
A: no striking features
a: Smiting, Renounce Religion


You were in a bailey.
You worshipped Beogh.
Beogh was most pleased with you.
You were not hungry.

You visited 1 branch of the dungeon, and saw 7 of its levels.
You also visited: Bailey.

You collected 411 gold pieces.

Inventory:

Hand Weapons
 n - a +6 rapier of protection
 o - a +0 antimagic trident
 p - a +3 vorpal hand axe
 G - a cursed +4 halberd of freezing
 I - a cursed +0 long sword of protection
 J - a +2 war axe of flaming (weapon)
 L - the +9 hand axe of Vulyzic {elec, +Blink rF+}
   (You found it on level 7 of the Dungeon)

   Occasionally, upon striking a foe, it will discharge some electrical energy
   and cause terrible harm.
   It protects you from fire.
   It lets you blink.
Missiles
 d - 2 boomerangs (quivered)
 l - a throwing net
 D - 2 silver boomerangs
Armour
 e - a +0 chain mail of fire resistance
 i - a +0 crystal plate armour
 m - the +3 robe of Peek-a-Boo {rN++ Int-2}
   (You found it on level 5 of the Dungeon)

   It affects your intelligence (-2).
   It greatly protects you from negative energy.
 E - a cursed +0 plate armour (worn)
 H - a cursed +0 tower shield
Jewellery
 q - a cursed ring of teleportation (left hand)
 r - an uncursed amulet of faith {unknown}
 s - an amulet of magic regeneration (around neck)
 A - an uncursed ring of fire {unknown}
 K - an uncursed ring of protection from magic
Wands
 y - a wand of acid (5)
Scrolls
 b - 6 scrolls of identify
 k - 4 scrolls of amnesia
 t - a scroll of enchant weapon
 B - a scroll of fog
 F - a scroll of teleportation
Potions
 a - a potion of cancellation {unknown}
 f - a potion of mutation
 g - 3 potions of haste
 h - 4 potions of curing
 j - 2 potions of flight
 u - a potion of degeneration {unknown}
 v - 3 potions of lignification {unknown}
 w - a potion of might {unknown}
 x - a potion of brilliance {unknown}
 z - a potion of stabbing {unknown}
Comestibles
 c - 16 rations


   Skills:
 + Level 7.0 Fighting
 + Level 11.1(11.2) Axes
 + Level 1.7(6.2) Polearms
 + Level 0.3 Throwing
 + Level 6.5 Armour
 + Level 4.5 Dodging
 - Level 1.5 Stealth
 + Level 0.1 Invocations
 * Level 3.1 Evocations


You had 8 spell levels left.
You didn't know any spells.
Your spell library was empty.

Dungeon Overview and Level Annotations

Branches:
Dungeon (7/15)             Temple (0/1) D:4          Bailey (1/1)

Altars:
Cheibriados
Dithmenos
Gozag
Sif Muna


Message History

The orc sorcerer dies!
Beogh accepts your kill.
The chaos spawn degenerates into a cloud of primal chaos!
Your Fighting skill increases to level 7!
Your Axes skill increases to level 11!
Your Evocations skill increases to level 3!
Your orc warrior looks more experienced.
The orange demon stings you but does no damage.
You swap places.
The orc high priest invokes the aid of Beogh against you.
Beogh smites you!
* * * LOW HITPOINT WARNING * * *
Your orc warrior hits the orc warrior but does no damage.
Your orc warrior misses the orc high priest.
Your orc warrior hits the gnoll but does no damage.
You hit the orc warrior but do no damage.
The orc warrior is moderately wounded.
The orange demon stings you from afar!
You die...
Beogh appreciates the orange demon's killing of a heretic priest.

## #'#≈≈≈≈≈≈ +o
#.≈≈≈≈≈≈≈ ######g
#.≈≈≈≈≈≈≈ #..[[#)
#.≈≈≈≈≈≈≈ ..[[#g
#.≈≈≈≈≈≈≈ ############g
#.≈≈≈;≈≈≈
......)@ogo#'##.≈≈≈≈≈≈≈≈
....._.§oogg).+.≈≈≈≈≈≈≈≈
.........4..8.#.≈≈≈≈≈≈≈≈
..............#.≈≈≈≈≈≈≈≈
###########.8.#.≈≈≈≈≈≈≈≈
#######.....#.≈≈≈≈≈≈≈≈
#.....#...8.#.≈≈≈≈≈≈≈≈
#.....#.....#.≈≈≈≈≈≈≈≈
#..⌠..#..####'#≈≈≈≈≈≈≈


You could see an orc high priest, an orange demon (summoned), 2 orc warriors, 2
gnolls, a goblin and a friendly orc warrior.

Vanquished Creatures
  Eustachio (D:6)
  3 orc warriors (Bailey)
  4 ogres
  2 centaurs
  2 wights (D:7)
  2 centaur zombies
  3 crimson imps
  2 howler monkeys (D:7)
  3 orc priests
  A hound (D:4)
  8 orc wizards
  4 worker ants
  A hound skeleton (D:4)
  7 gnolls
  7 adders
  4 shadow imps
  2 adder skeletons
  A worm (D:2)
  2 dart slugs
  9 orcs
  A ball python (D:6)
  3 giant cockroaches
  8 goblins
  12 hobgoblins
  11 jackals
  12 bats
  7 frilled lizards
  A jackal skeleton (D:7)
  6 kobolds
  A leopard gecko skeleton (D:5)
  2 quokka skeletons
  3 rats (D:3)
135 creatures vanquished.

Vanquished Creatures (collateral kills)
  An orc sorcerer (Bailey)
  A hippogriff (D:7)
  A phantom (D:7)
  5 wights (D:7)
  A howler monkey (D:7)
  A hound (D:7)
  An iguana (D:6)
  A hobgoblin (Bailey)
  A quokka (D:6)
13 creatures vanquished.

Vanquished Creatures (others)
  An orc priest (D:3)
  6 orcs
7 creatures vanquished.

Grand Total: 155 creatures vanquished

Notes
Turn   | Place    | Note
-------+----------+-------------------------------------------
     0 | D:1      | hawla the Hill Orc Monk began the quest for the Orb.
     0 | D:1      | Reached XP level 1. HP: 19/19 MP: 1/1
   166 | D:1      | Reached XP level 2. HP: 27/27 MP: 2/2
   703 | D:2      | Reached XP level 3. HP: 25/33 MP: 3/3
   987 | D:2      | Reached XP level 4. HP: 27/40 MP: 4/4
  1344 | D:2      | Reached skill level 5 in Axes
  1403 | D:2      | Found a shimmering blue altar of Sif Muna.
  1407 | D:2      | Found a snail-covered altar of Cheibriados.
  1908 | D:3      | HP: 2/40 [gnoll/+0 whip (6)]
  1938 | D:3      | Became a worshipper of Beogh the Brigand
  1938 | D:3      | Reached * piety under Beogh
  1938 | D:3      | Reached ** piety under Beogh
  1978 | D:3      | Reached XP level 5. HP: 35/46 MP: 5/5
  2520 | D:3      | Reached skill level 1 in Armour
  2972 | D:4      | Reached XP level 6. HP: 48/55 MP: 6/6
  3015 | D:4      | Reached skill level 6 in Axes
  3236 | D:4      | Reached skill level 5 in Fighting
  3363 | D:4      | Found a staircase to the Ecumenical Temple.
  3768 | D:5      | Entered Level 5 of the Dungeon
  3801 | D:5      | HP: 1/56 [shadow imp/nerve-wracking pain (10)]
  3807 | D:5      | HP: 1/56 [centaur/arrow (8)]
  3814 | D:4      | Reached skill level 7 in Axes
  3814 | D:4      | Reached XP level 7. HP: 5/61 MP: 2/7
  4251 | D:5      | Found a shadowy altar of Dithmenos.
  4277 | D:5      | Got an opalescent robe
  4288 | D:5      | Identified the +3 robe of Peek-a-Boo {rN++ Int-2} (You
                  | found it on level 5 of the Dungeon)
  4588 | D:5      | Reached skill level 1 in Polearms
  4832 | D:6      | Noticed Eustachio
  4845 | D:6      | Killed Eustachio
  4845 | D:6      | Reached skill level 8 in Axes
  4845 | D:6      | Reached XP level 8. HP: 51/70 MP: 8/8
  5159 | D:6      | Reached *** piety under Beogh
  5188 | D:6      | Found an opulent altar of Gozag.
  5352 | D:6      | Reached skill level 9 in Axes
  5731 | D:7      | Reached skill level 1 in Evocations
  5786 | D:7      | Reached skill level 10 in Axes
  5797 | D:7      | Reached skill level 5 in Armour
  5802 | D:7      | Reached XP level 9. HP: 50/77 MP: 9/9
  6080 | D:7      | Found a flagged portal.
  6086 | D:7      | Gained Syrus as an ally
  6092 | D:7      | Got a translucent hand axe
  6093 | D:7      | Identified the +9 hand axe of Vulyzic {elec, +Blink rF+}
                  | (You found it on level 7 of the Dungeon)
  6096 | Bailey   | Entered a bailey
  6134 | Bailey   | HP: 2/78 [orc warrior/+0 war axe (15)]
  6394 | Bailey   | Noticed an orc high priest
  6394 | Bailey   | Noticed an orc sorcerer
  6395 | Bailey   | Noticed an orc knight
  6397 | Bailey   | Found an iron altar of Okawaru.
  6398 | Bailey   | Noticed an orange demon
  6405 | Bailey   | Killed an orc sorcerer
  6405 | Bailey   | Reached skill level 11 in Axes
  6407 | Bailey   | Slain by an orange demon

Illustrated notes

Levels and vault maps discovered:
D:1:      dpeg_arrival_pits, layout_basic
D:2:      minmay_spotlight, layout_loops_cross, grunt_temple_overflow_open
D:3:      layout_loops_ring, feat_on_display
D:4:      layout_loops_ring, minmay_temple_entry_gardened_gates, first_ration,
          serial_glass, glass_columns_a, glass_columns_a, glass_columns_b,
          glass_columns_a, glass_columns_b, glass_columns_b, glass_columns_a,
          glass_columns_a, glass_columns_a, glass_columns_a, glass_columns_a,
          glass_columns_c, glass_columns_a, glass_columns_a
D:5:      layout_basic, nicolae_overflow_crystal_walls
D:6:      layout_loops_ring, nicolae_gozag_cash_rules_everything_around_me,
          uniq_eustachio
D:7:      layout_loops_ring, lightli_ossuary_entry_decrepit_ruins,
          enter_bailey_2
Bailey:   bailey_axe_of_yendor_kennysheep, bailey

Skill      XL: |  1  2  3  4  5  6  7  8  9 |
---------------+----------------------------+-----
Fighting       | 4 5 6 7 |  7.0
Dodging        | 3 4 |  4.5
Axes           | 5 7 8 10 11 | 11.1
Armour         | 1 2 3 5 6 |  6.5
Polearms       | 1 |  1.7
Evocations     | 1 3 |  3.1
Throwing       | |  0.3
Stealth        | |  1.5
Invocations    | |  0.1

Action                   |  1- 3 |  4- 6 |  7- 9 || total
-------------------------+-------+-------+-------++-------
Melee: Hand axe          |    97 |   163 |   171 ||   431
       Trident           |       |    11 |       ||    11
       War axe           |       |       |    15 ||    15
Throw: Boomerang         |       |     7 |       ||     7
Invok: Smiting           |       |     1 |       ||     1
       Convert to Beogh  |       |     1 |       ||     1
Evoke: Wand              |       |       |     5 ||     5
  Use: Scroll            |     5 |     5 |       ||    10
       Potion            |       |     8 |     5 ||    13
 Stab: Sleeping          |       |     1 |       ||     1
       Distracted        |       |       |     1 ||     1
  Eat: Chunk             |       |     5 |     4 ||     9
       Ration            |       |     1 |     2 ||     3
Armor: Robe              |    10 |       |       ||    10
       Leather armour    |    15 |     2 |       ||    17
       Ring mail         |       |    43 |       ||    43
       Scale mail        |       |    40 |     5 ||    45
       Chain mail        |       |       |    26 ||    26
       Plate armour      |       |       |    52 ||    52
Dodge: Dodged            |    75 |   133 |    61 ||   269
